Unix NetHack Version 3.7.0-59 Work-in-progress - last build May 27 2022 13:05:58 (8500ec8471030ebd41fc3e2ff99709a52330cc4d,branch:master). Game began 2022-05-30 09:33:17, ended 2022-05-30 10:45:21. NetSysFire, chaotic female human Priestess -------- ? |......| ---|---- |......| |......| |......)# #-......| ----- |......|[ #|......| |..(| |......|####----------############# ##|......| |...| |......-####|........|# -.-------- ## |......| |.*.| -------- #.<.......|# |..).e....### -.------ --.-- #|........-######### |........| ########## ### #----------# ##@a........|## # ##### # ######################|.......>|# # # # # |........|# ### # ### ## |.........# -.-|- # -.- ---------- |...| # --.-- |...| ##`#--...-- |...-########......| |...| --...-- ----- --.-- --- NetSysFire the Adept St:11 Dx:14 Co:18 In:10 Wi:18 Ch:10 Chaotic S:6597 Dlvl:5 $:25 HP:0(96) Pw:10(90) AC:10 Exp:8 T:9684 Latest messages: You miss the giant ant. The giant ant bites! The giant ant bites! What do you want to zap? [instw or ?*] ? In what direction? n The wand hits the giant ant! You kill the giant ant! There is a doorway here. You see here an uncursed giant ant corpse. You hit the giant ant! The giant ant bites! The giant ant bites! You hit the giant ant. The giant ant bites! You kill the giant ant! There is an uncursed giant ant corpse here; eat it? [ynq] (n) y This giant ant corpse tastes okay. You finish eating the giant ant corpse. There is an uncursed giant ant corpse here; eat it? [ynq] (n) y This giant ant corpse tastes okay. You finish eating the giant ant corpse. You stop waiting. What do you want to zap? [instw or ?*] ? In what direction? l The wand misses the soldier ant. What do you want to zap? [instw or ?*] s In what direction? l The wand misses the soldier ant. In what direction? . You feel better. The soldier ant bites! The soldier ant stings! You miss the soldier ant. The soldier ant bites! The soldier ant stings! The soldier ant bites! The soldier ant stings! The soldier ant bites! The soldier ant stings! You hit the soldier ant! The soldier ant bites! The soldier ant stings! The soldier ant's sting was poisoned! The poison doesn't seem to affect you. You die... Do you want your possessions identified? [ynq] (y) y Do you want to see your attributes? [ynq] (y) y Do you want an account of creatures vanquished? [ynaq] (y) y Do you want to see your conduct and achievements? [ynq] (y) y Do you want to see the dungeon overview? [ynq] (y) y Major events: Turn 1: NetSysFire the chaotic human Priestess entered the dungeon 2005: attained the rank of Acolyte (level 3) 2769: destroyed NetSysFire's ghost, the former Aspirant 3103: destroyed PetraKelly's ghost, the former Acolyte 3105: found Sting on the floor 3681: attained the rank of Adept (level 6) 9684: killed by a soldier ant Inventory: Coins $ - 25 gold pieces Amulets p - an uncursed amulet of guarding D - an uncursed amulet of reflection (being worn) Weapons a - a blessed +1 mace (weapon in hand) Comestibles f - an uncursed sprig of wolfsbane z - 2 cursed sprigs of wolfsbane Scrolls L - a cursed scroll of charging S - an uncursed scroll of light W - a cursed scroll of light A - an uncursed scroll of remove curse I - a cursed scroll of remove curse y - an uncursed scroll of taming Spellbooks G - an uncursed spellbook of cure blindness h - an uncursed spellbook of healing o - a blessed spellbook of identify g - an uncursed spellbook of light Potions P - a cursed potion of hallucination d - an uncursed potion of object detection x - an uncursed potion of sleeping N - an uncursed potion of speed k - a potion of holy water l - 5 potions of unholy water Wands n - an uncursed wand of create monster (0:13) w - an uncursed wand of nothing (0:11) t - an uncursed wand of secret door detection (0:11) s - an uncursed wand of striking (0:0) i - an uncursed wand of undead turning (0:6) Tools j - an uncursed bell q - a cursed lock pick r - an uncursed oil lamp Gems/Stones F - an uncursed worthless piece of blue glass C - a cursed worthless piece of yellow glass NetSysFire the Priestess's attributes: Background: You were an Adept, a level 8 human Priestess. You were chaotic, on a mission for Huhetotl who was opposed by Quetzalcoatl (lawful) and Camaxtli (neutral). You were in the Dungeons of Doom, on level 5. You entered the dungeon 9684 turns ago. There was a new moon in effect when your adventure ended. You had 1583 experience points, 977 more were needed to attain level 9. Your score was 6597 before end-of-game adjustments. Basics: You had 0 out of 96 hit points. You had 10 out of 90 energy points (spell power). Your armor class was 10. Your wallet contained 25 zorkmids. Autopickup was off. Final Characteristics: Your strength was 11 (peak:12, limit:18/100). Your dexterity was 14 (limit:18). Your constitution was 18 (limit:18). Your intelligence was 10 (limit:18). Your wisdom was 18 (limit:18). Your charisma was 10 (limit:18). Final Status: You were not hungry. You were unencumbered. You were wielding a mace. You had basic skill with mace and could have enhanced that. You were not wearing any armor. Final Attributes: You were piously aligned. You were poison resistant. You were telepathic. You had reflection. You are dead. Miscellaneous: You encountered 1 bones level. Total elapsed playing time was 1 hour, 4 minutes and 58 seconds. Vanquished creatures: 2 ghosts a large mimic a small mimic a leprechaun a dingo a dust vortex a snake 2 human zombies 3 soldier ants a bugbear 2 wood nymphs 3 Uruk-hai 2 rock piercers a rock mole 2 fog clouds a shrieker a gnome leader 2 gnomish wizards a kobold mummy 4 elf zombies 11 giant ants 6 floating eyes 2 homunculi a kobold leader a kobold shaman 3 hill orcs 6 rothes a rabid rat a centipede 2 monkeys an orc zombie a dwarf zombie a werejackal 3 iguanas 9 killer bees 2 acid blobs 4 coyotes a large kobold a hobgoblin 7 giant rats 4 cave spiders 2 brown molds 2 green molds a gnome zombie 10 geckos 6 jackals 4 foxes a goblin 3 sewer rats 9 grid bugs a bat 8 lichens a kobold zombie 13 newts 162 creatures vanquished. No species were genocided or became extinct. Voluntary challenges: You read items or engraved 3 times. You never engraved Elbereth. You never genocided any monsters. You never polymorphed an object. You never changed form. You used no wishes. Achievements: You attained the rank of Acolyte. You entered a shop. You attained the rank of Adept. The Dungeons of Doom: levels 1 to 5 Level 1: An altar, a fountain, a grave. Level 2: A fountain, a grave. Level 3: A weapon shop. Level 4: An altar, a grave. Final resting place for NetSysFire-Pri-Hum-Fem-Cha, killed by a hallucinogen-distorted rothe, PetraKelly-Pri-Elf-Fem-Cha, killed by a rabid rat. Level 5: <- You were here. Final resting place for you, killed by a soldier ant. Game over: ---------- / \ / REST \ / IN \ / PEACE \ / \ | NetSysFire | | 25 Au | | killed by a | | soldier ant | | | | | | 2022 | *| * * * | * _________)/\\_//(\/(/\)/\//\/|_)_______ Goodbye NetSysFire the Priestess... You died in The Dungeons of Doom on dungeon level 5 with 6595 points, and 25 pieces of gold, after 9684 moves. You were level 8 with a maximum of 96 hit points when you died.